 Dungeon Crawl Stone Soup version 0.19.0-24-gb05acd6 (webtiles) character file.

18594 Janus the Blocker (level 12, -8/92 HPs)
             Began as a Formicid Fighter on Nov 20, 2016.
             Was a Believer of Uskayaw.
             Mangled by Janus's ghost (10 damage)
             ... on level 12 of the Dungeon on Nov 21, 2016.
             The game lasted 00:39:55 (13134 turns).

Janus the Blocker (Formicid Fighter)               Turns: 13134, Time: 00:39:56

Health: -8/92      AC: 18    Str: 22    XL:     12   Next: 97%
Magic:  18/18      EV:  8    Int:  8    God:    Uskayaw [**....]
Gold:   13         SH: 13    Dex: 14    Spells: 0 memorised, 11 levels left

rFire  + . .     SeeInvis +     B - +2 war axe (freeze)
rCold  + . .     Gourm    .     w - +2 chain mail {rF+}
rNeg   . . .     Faith    .     G - +0 shield
rPois  .         Spirit   .     (helmet unavailable)
rElec  .         Reflect  .     (no cloak)
rCorr  .         Harm     .     (no gloves)
MR     +....                    g - +0 pair of boots
Stlth  ..........               (no amulet)
                                e - ring of protection from cold
                                h - +3 ring of protection

@: no status effects
A: permanent stasis, dig shafts and tunnels, four strong arms, antennae 3
a: Dig, Shaft Self, Stomp, Line Pass, Renounce Religion


You were on level 12 of the Dungeon.
You worshipped Uskayaw.
Uskayaw was aware of your devotion.
You were hungry.

You visited 3 branches of the dungeon, and saw 14 of its levels.

You collected 689 gold pieces.
You spent 676 gold pieces at shops.

Inventory:

Hand Weapons
 d - a +0 fustibalus of freezing
 i - a +0 fustibalus
 m - a +2 vampiric hand axe
 B - a +2 war axe of freezing (weapon)
Missiles
 I - a throwing net (quivered)
Armour
 g - a +0 pair of boots (worn)
 w - a +2 chain mail of fire resistance (worn)
 G - a +0 shield (worn)
 O - a +2 scale mail of cold resistance
Jewellery
 e - a ring of protection from cold (right hand)
 h - a +3 ring of protection (left hand)
 k - the ring of Puvuel {Wiz MP+9}
   (You took it off a wight on level 11 of the Dungeon)

   [ring of wizardry]

   It improves your spell success rate.
   It affects your magic capacity (+9).
 A - an uncursed ring of flight
Wands
 b - a wand of enslavement (17/24)
 c - a wand of slowing (25/48)
 q - a wand of polymorph (6/24)
 K - a wand of slowing (24/48)
 L - a wand of flame (4/48)
Scrolls
 a - a scroll of fog
 j - 7 scrolls of identify
 H - 2 scrolls of recharging
 M - a scroll of enchant armour
 N - 2 scrolls of remove curse
Potions
 o - 2 potions of cancellation
 s - 2 potions of ambrosia
 t - 2 potions of curing
Comestibles
 f - 11 bread rations
 l - 5 meat rations


   Skills:
 + Level 7.9 Fighting
 * Level 12.1 Axes
 + Level 6.2 Throwing
 + Level 9.9 Armour
 + Level 12.4 Shields
 * Level 8.6 Invocations


You had 11 spell levels left.
You didn't know any spells.

Dungeon Overview and Level Annotations

Branches:
Dungeon (12/15)            Temple (1/1) D:7            Lair (1/6) D:10
    Orc (0/2) D:10

Altars:
Ashenzari
Cheibriados
Elyvilon
Fedhas
Kikubaaqudgha
Nemelex Xobeh
Sif Muna
Uskayaw
Vehumet
Xom
Yredelemnul
Zin

Shops:
D:4 !   D:5 ?   D:9 =

Annotations:
D:8 exclusions: door and 2 more exclusions
D:12 Frances; Janus's ghost, journeyman FoFi


Innate Abilities, Weirdness & Mutations

You are under a permanent stasis effect.
You can dig through walls and to a lower floor.
Your four strong arms can wield two-handed weapons with a shield.
You have a pair of large antennae on your head. (SInv)


Message History

You hit Janus's ghost but do no damage.
Janus's ghost is moderately damaged.
You block Janus's ghost's attack.
You hit Janus's ghost. You freeze Janus's ghost.
Janus's ghost is moderately damaged.
Janus's ghost hits you.
You are electrocuted!
You hit Janus's ghost but do no damage.
Janus's ghost is moderately damaged.
You block Janus's ghost's attack.
Your chain mail prevents you from hitting Janus's ghost.
Janus's ghost is moderately damaged.
Janus's ghost hits you.
You hit Janus's ghost. You freeze Janus's ghost.
Janus's ghost is moderately damaged.
Janus's ghost hits you!
You are electrocuted!
* * * LOW HITPOINT WARNING * * *
Janus's ghost hits you!
* * * LOW HITPOINT WARNING * * *
You are electrocuted!
You die...

#########.#.#..# #.###.#######...
............#..# #.###.#######...
..#######.###..# #..........##...
..##...........###W.........##...
#.##.####.###...............##...
#.##.# #.# ######..........##...
#.##.# #.# #..W..###.#######...
#.##.# #.# #.###.# #.# #...
#.##.# #.# #.W@#.# #.# ####
#.##.# #.########.# #.# #.##.#
#..........# #.#
#.##.#################.#
#.##...................#
#.###################### ..# ###


You could see Janus's ghost.

Vanquished Creatures
  Gastronok (D:8)
  Harold (D:10)
  A death knight (D:12)
  Nergalle (D:11)
  An unseen horror (D:8)
  3 hill giants
  An ugly thing (D:11)
  A gargoyle (D:12)
  A spiny frog (Lair:1)
  A freezing wraith (D:11)
  A meliai (D:11)
  Prince Ribbit (D:6)
  A two-headed ogre (D:8)
  3 trolls
  2 hippogriffs
  2 vampires
  A spriggan (D:7)
  A wraith (D:12)
  12 yaks (D:11)
  Eustachio (D:4)
  A basilisk (Lair:1)
  Grum (D:8)
  A water moccasin (Lair:1)
  3 black bears
  4 orc warriors
  2 sky beasts
  2 ice beasts (D:11)
  A phantom (D:11)
  An ogre (D:7)
  11 wolves
  5 centaurs
  2 big kobolds
  Blork the orc (D:4)
  6 bullfrogs
  2 gnoll sergeants
  A wyvern skeleton (D:11)
  4 scorpions
  3 killer bees (D:11)
  10 wights
  2 electric eels (D:10)
  3 howler monkeys
  8 crimson imps
  A centaur zombie (D:9)
  6 jellies
  2 bullfrog skeletons
  3 orc priests
  11 hounds
  7 orc wizards
  4 centaur skeletons
  2 iguanas
  Natasha (twice) (D:4)
  8 worker ants
  A hound zombie (D:8)
  A worker ant zombie (D:7)
  13 adders
  11 gnolls
  3 shadow imps
  An adder skeleton (D:4)
  5 dart slugs
  7 leopard geckos
  27 orcs
  A ball python (D:5)
  3 giant cockroaches
  7 hobgoblins
  4 jackals (D:4)
  5 quokkas
  5 bats
  4 frilled lizards
  6 goblins
  10 kobolds
  A leopard gecko zombie (D:8)
  A quokka zombie (D:7)
  2 rats
275 creatures vanquished.

Vanquished Creatures (others)
  A quokka (D:6)
1 creature vanquished.

Grand Total: 276 creatures vanquished

Notes
Turn   | Place    | Note
-------+----------+-------------------------------------------
     0 | D:1      | Janus the Formicid Fighter began the quest for the Orb.
     0 | D:1      | Reached XP level 1. HP: 18/18 MP: 1/1
   157 | D:1      | Reached XP level 2. HP: 16/24 MP: 2/2
   802 | D:1      | Reached XP level 3. HP: 29/29 MP: 3/3
   817 | D:2      | Reached skill level 1 in Throwing
  1128 | D:2      | Reached XP level 4. HP: 34/37 MP: 4/4
  1628 | D:3      | Reached XP level 5. HP: 39/42 MP: 5/5
  2157 | D:4      | Reached XP level 6. HP: 42/48 MP: 6/6
  2254 | D:4      | Found Fedain's Distillery.
  2391 | D:4      | Noticed Eustachio
  2407 | D:4      | Killed Eustachio
  2407 | D:4      | Reached skill level 5 in Shields
  2407 | D:4      | Reached XP level 7. HP: 51/55 MP: 7/7
  2465 | D:4      | Noticed Natasha
  2471 | D:4      | Killed Natasha
  2489 | D:4      | Reached skill level 5 in Fighting
  2496 | D:4      | Noticed Blork the orc
  2513 | D:4      | Killed Blork the orc
  2735 | D:4      | Reached skill level 5 in Armour
  2876 | D:4      | Noticed Natasha
  2879 | D:4      | Killed Natasha
  2879 | D:4      | Reached XP level 8. HP: 62/62 MP: 8/8
  2902 | D:5      | Entered Level 5 of the Dungeon
  3013 | D:5      | Reached XP level 9. HP: 68/68 MP: 9/9
  3050 | D:5      | Found Qusic's Magic Scroll Shop.
  3460 | D:5      | Noticed a hippogriff
  3474 | D:5      | Killed a hippogriff
  3662 | D:6      | Noticed Prince Ribbit
  4166 | D:6      | Got a warped leather armour
  4242 | D:6      | Killed Prince Ribbit
  4266 | D:6      | Found a white marble altar of Elyvilon.
  4508 | D:7      | Found a staircase to the Ecumenical Temple.
  4525 | Temple   | Entered the Ecumenical Temple
  4534 | Temple   | Became a worshipper of Uskayaw the Reveler
  4581 | D:7      | Reached * piety under Uskayaw
  4675 | D:7      | Identified the +1 leather armour "Ahagekle" {MR+} (You found it on level 6 of the Dungeon)
  4691 | D:7      | Reached ** piety under Uskayaw
  4694 | D:7      | Reached skill level 1 in Invocations
  4741 | D:7      | Reached skill level 10 in Axes
  4741 | D:7      | Reached XP level 10. HP: 73/75 MP: 11/11
  5210 | D:8      | Reached *** piety under Uskayaw
  5343 | D:8      | Reached **** piety under Uskayaw
  5360 | D:8      | Noticed Grum
  5381 | D:8      | Killed Grum
  5401 | D:8      | Reached ***** piety under Uskayaw
  6250 | D:8      | Noticed an unseen horror
  6258 | D:8      | Killed an unseen horror
  6417 | D:8      | Found a radiant altar of Vehumet.
  6417 | D:8      | Found a shimmering altar of Xom.
  6426 | D:8      | Noticed Gastronok
  6453 | D:8      | Killed Gastronok
  6453 | D:8      | Reached XP level 11. HP: 32/82 MP: 7/14
  6641 | D:8      | Reached skill level 5 in Throwing
  6888 | D:9      | Found Zahaji's Jewellery Emporium.
  7025 | D:9      | Reached skill level 5 in Invocations
  7125 | D:9      | Found a basalt altar of Yredelemnul.
  7224 | D:9      | Found a faded altar of an unknown god.
  7224 | D:9      | Found a faded altar of an unknown god.
  7230 | D:9      | Found a faded altar of an unknown god.
  7234 | D:9      | Found an ancient bone altar of Kikubaaqudgha.
  7237 | D:9      | Found a sparkling altar of Nemelex Xobeh.
  7515 | D:10     | Entered Level 10 of the Dungeon
  7537 | D:10     | Reached ****** piety under Uskayaw
  7548 | D:10     | Found a staircase to the Lair.
  8088 | D:10     | Noticed a hill giant
  8097 | D:10     | Killed a hill giant
  8223 | D:10     | Noticed Harold
  8264 | D:10     | Killed Harold
  8663 | D:10     | Noticed a hill giant
  8673 | D:10     | Killed a hill giant
  8893 | D:10     | Found a staircase to the Orcish Mines.
  8993 | Lair:1   | Entered Level 1 of the Lair of Beasts
  9112 | Lair:1   | Reached XP level 12. HP: 54/91 MP: 16/16
  9442 | Lair:1   | Noticed a five-headed hydra
  9610 | D:11     | Noticed Nergalle
 10164 | D:11     | HP: 2/91 [freezing wraith (9)]
 10549 | D:11     | Killed Nergalle
 10555 | D:11     | Got a flickering wooden ring
 11145 | D:12     | Noticed a death knight
 11232 | D:12     | Noticed Frances
 11315 | D:11     | HP: 4/91 [red ugly thing (11)]
 12374 | D:12     | Noticed Janus's ghost (journeyman FoFi)
 12375 | D:12     | Killed a death knight
 12396 | D:12     | HP: 3/92 [Janus's ghost (9)]
 12558 | D:11     | Identified the ring of Puvuel {Wiz MP+9} (You took it off a wight on level 11 of the Dungeon)
 12900 | D:5      | Bought a scroll of acquirement for 676 gold pieces
 12924 | D:6      | Upgraded the game from 0.19.0-23-gf02e663 to 0.19.0-24-gb05acd6
 13134 | D:12     | HP: 2/92 [Janus's ghost (10)]
 13134 | D:12     | Mangled by Janus's ghost

Skill      XL: |  1  2  3  4  5  6  7  8  9 10 11 12 |
---------------+-------------------------------------+-----
Throwing       | 1 2 3 4 5 6 |  6.2
Shields        | 4 5 11 12 | 12.4
Axes           | 3 4 9 10 11 12 | 12.1
Fighting       | 4 5 6 7 |  7.9
Armour         | 4 5 8 9 |  9.9
Invocations    | 1 4 6 8 |  8.6

Action                   |  1- 3 |  4- 6 |  7- 9 | 10-12 || total
-------------------------+-------+-------+-------+-------++-------
Melee: War axe           |    89 |   128 |   186 |   696 ||  1099
Throw: Throwing net      |       |       |     2 |    10 ||    12
Invok: Stomp             |       |       |       |     3 ||     3
Evoke: Wand              |       |       |       |     9 ||     9
  Use: Potion            |       |     7 |     3 |    10 ||    20
       Scroll            |       |     6 |     7 |     6 ||    19
 Stab: Held in net/web   |       |       |     2 |     4 ||     6
       Paralysed         |       |       |       |    57 ||    57
  Eat: Chunk             |     1 |     4 |     8 |    21 ||    34
       Bread ration      |       |       |       |     1 ||     1
       Beef jerky        |       |       |       |     1 ||     1
Armor: Scale mail        |    21 |    10 |       |       ||    31
       Chain mail        |       |    60 |    29 |   162 ||   251
       Ring mail         |       |       |    34 |    64 ||    98
Dodge: Dodged            |    30 |    49 |    55 |   184 ||   318
Block: Shield            |    42 |    95 |   107 |   369 ||   613
